 Dungeon Crawl Stone Soup version 0.30-b1-2-g02819fbbbe (webtiles) character file.

Game seed: 17199514245172226056

15704 Thejackels the Thaumaturge (level 12, -1/74 HPs)
             Began as a Demonspawn Conjurer on Sept 23, 2023.
             Was an Elder of Sif Muna.
             Slain by a skeletal warrior
             ... wielding a +0 hand axe
              (19 damage)
             ... on level 12 of the Dungeon.
             The game lasted 00:44:24 (14183 turns).

Thejackels the Thaumaturge (Demonspawn Conjurer)   Turns: 14183, Time: 00:44:25

Health: -1/74      AC:  7    Str: 10    XL:     12   Next: 3%
Magic:  0/37       EV: 12    Int: 23    God:    Sif Muna [****..]
Gold:   484        SH:  0    Dex: 11    Spells: 29/36 levels left

rFire   . . .        x - +3 flail (protect)
rCold   . . .        D - orb {mayhem}
rNeg    . . .        M - +0 troll leather armour
rPois   .            (no helmet)
rElec   .            (no cloak)
rCorr   .            (no gloves)
SInv    .            (boots unavailable)
Will    .....        r - amulet of guardian spirit
Stlth   ++           c - ring of magical power
HPRegen 1.12/turn    A - ring of wizardry
MPRegen 0.25/turn

%: mayhem, guardian spirit, wizardry (x1)
@: about to teleport
A: hooves 3, spiny 2, sharp scales 3
a: Renounce Religion, Channel Magic, Forget Spell, Divine Exegesis


You were on level 12 of the Dungeon.
You worshipped Sif Muna.
Sif Muna was greatly pleased with you.
You visited 2 branches of the dungeon, and saw 13 of its levels.

You collected 679 gold pieces.
You spent 195 gold pieces at shops.

Inventory:

Hand Weapons
 w - a +2 halberd of protection
 x - a +3 flail of protection (weapon)
 E - a +5 great sword
Missiles
 F - a throwing net
Armour
 a - a +0 robe
 y - a +2 leather armour of willpower
 D - an orb of mayhem (worn)
 J - the +1 helmet of Agoraphobia {+Blink rF++ Dex-4}
   (You found it on level 10 of the Dungeon)

   Dex:       It affects your dexterity (-4).
   rF:        It greatly protects you from fire.
   +Blink:    It lets you blink.
 M - a +0 troll leather armour (worn)
Jewellery
 c - a ring of magical power (left hand)
 r - an amulet of guardian spirit (around neck)
 A - a ring of wizardry (right hand)
 N - a ring of fire
Wands
 H - a wand of flame (18)
 K - a wand of digging (6)
 O - a wand of polymorph (6)
Scrolls
 e - 2 scrolls of teleportation
 f - 4 scrolls of immolation
 g - a scroll of noise
 h - 3 scrolls of amnesia
 k - 3 scrolls of enchant armour
 m - 2 scrolls of vulnerability
 n - a scroll of blinking
 o - 2 scrolls of silence
 p - 3 scrolls of fog
 q - 3 scrolls of fear
 s - a scroll of magic mapping
 P - a scroll of identify
Potions
 b - 3 potions of magic
 d - 7 potions of curing
 i - a potion of attraction
 j - 3 potions of ambrosia
 l - 3 potions of flight
 t - 3 potions of might
 u - a potion of mutation
 v - a potion of resistance {unknown}
 z - a potion of heal wounds {unknown}
 B - a potion of brilliance {unknown}
 C - 2 potions of lignification {unknown}
 G - a potion of experience {unknown}
 I - a potion of degeneration {unknown}
Miscellaneous
 L - a lightning rod (4/4)


   Skills:
 - Level 0.1 Fighting
 + Level 3.8 Dodging
 + Level 3.9 Stealth
 * Level 12.9 Spellcasting
 + Level 10.5 Conjurations
 + Level 8.1 Earth Magic


You had 29 spell levels left.
You knew the following spells:

 Your Spells              Type           Power      Damage    Failure   Level
b - Stone Arrow           Conj/Erth      100%       3d13      1%          3
c - Olgreb's Toxic Radia  Pois           14%        N/A       22%         4

Your spell library contained the following spells:

 Spells                   Type           Power      Damage    Failure   Level
 Magic Dart               Conj           100%       1d8       1%          1
 Sandblast                Erth           100%       2d20      1%          1
 Passwall                 Tmut/Erth      27%        N/A       1%          2
 Searing Ray              Conj           100%       2d8       1%          2
 Dazzling Flash           Conj/Hex       78%        N/A       1%          3
 Hailstorm                Conj/Ice       39%        3d9       1%          3
 Freeze                   Ice            56%        1d7       2%          1
 Sting                    Tmut/Pois      56%        1d5       2%          1
 Fulminant Prism          Conj/Hex       19%        3d10      2%          4
 Iskenderun's Mystic Bla  Conj/Tloc      39%        2d9       2%          4
 Poisonous Vapours        Pois/Air       28%        N/A       3%          2
 Frozen Ramparts          Ice            28%        1d5       7%          3
 Irradiate                Conj/Tmut      19%        3d18      8%          5
 Ice Form                 Ice/Tmut       14%        N/A       22%         4
 Summon Ice Beast         Ice/Summ       14%        N/A       22%         4
 Blade Hands              Tmut           7%         N/A       52%         5
 Dragon Form              Tmut           7%         N/A       100%        7


Dungeon Overview and Level Annotations

Branches:
Dungeon (12/15)            Temple (1/1) D:5            Lair (0/5) D:11
    Orc (0/2) D:10

Altars:
Ashenzari
Cheibriados
Dithmenos
Fedhas
Gozag
Hepliaklqana
Kikubaaqudgha
Makhleb
Nemelex Xobeh
Okawaru
Qazlal
Ru
Sif Muna
Trog
Uskayaw
Vehumet
Wu Jian
Xom
Yredelemnul

Shops:
D:1 ?**!*   D:6 [   D:7 =   D:8 (

Annotations:
D:3 2 transporters
D:5 2 transporters, Syrassil's ghost, novice HuWn
D:9 Erica
D:10 Fannar


Innate Abilities, Weirdness & Mutations

You have hooves in place of feet.
You are mostly covered in sharp spines.
You are completely covered in razor-sharp scales. (AC +3, Slay +3)


Message History

The skeletal warrior is severely damaged.
The skeletal warrior barely misses you.
The stone arrow hits the skeletal warrior!!
You destroy the skeletal warrior!
Sif Muna accepts your kill.
You have reached level 12!
You feel stronger.
Your demonic ancestry asserts itself...
Sharp scales cover your body completely.
A skeletal warrior comes into view. It is wielding a +0 hand axe.
You see here a +0 halberd.
The stone arrow misses the skeletal warrior.
The stone arrow hits the skeletal warrior!
The skeletal warrior is lightly damaged.
You don't have enough magic to cast this spell.
You hit the skeletal warrior but do no damage.
Your weapon exudes an aura of protection.
You kick the skeletal warrior.
The skeletal warrior is lightly damaged.
The skeletal warrior hits you with a +0 hand axe!
The skeletal warrior is struck by your spines.
The skeletal warrior hits you with a +0 hand axe!
You barely miss the skeletal warrior.
The skeletal warrior is moderately damaged.
The skeletal warrior hits you but does no damage.
You hit the skeletal warrior.
The skeletal warrior is moderately damaged.
The skeletal warrior hits you but does no damage.
The skeletal warrior hits you with a +0 hand axe!!
You closely miss the skeletal warrior.
The skeletal warrior is moderately damaged.
The skeletal warrior hits you with a +0 hand axe.
As you read the scroll of teleportation, it crumbles to dust.
You feel strangely unstable.
The skeletal warrior hits you with a +0 hand axe!
* * * LOW HITPOINT WARNING * * *
You see here a +2 heavy mace.
The skeletal warrior attacks as you move away!
The skeletal warrior is struck by your spines.
The skeletal warrior hits you with a +0 hand axe!!
You die...

#### ......... ...
#... ##.......#
..# #.#.
........##..# #...
#..........# ####
#..........# #..#
#.......... #..#
#....!# ##..#
###@..### #....
###.z.#...###
#...#
#.).#####...###
#'### #...###
#...#...####....
#...##
#...#####)..##.##.
...# #...##
#.#....... #.# .=#
#.###.#... #.# #
#.# #.#... #.# #.#
#.#...


You could see a skeletal warrior.

Vanquished Creatures
  4 two-headed ogres
  3 skeletal warriors (D:12)
  A manticore (D:10)
  A gargoyle (D:12)
  Psyche (D:8)
  4 unseen horrors
  A kobold demonologist (D:11)
  2 trolls (D:11)
  Grinder (D:5)
  Prince Ribbit (D:8)
  3 slime creatures (D:12)
  2 water elementals (D:11)
  A wraith (D:9)
  Grum (D:10)
  10 yaks
  6 vampire mosquitoes
  Menkaure (D:4)
  Edmund (D:5)
  4 acid dragons
  A water moccasin (D:5)
  An orc warrior (D:9)
  4 ice beasts
  4 wolves
  6 centaurs
  2 ogres
  A phantom (D:3)
  3 kobold brigands
  2 gnoll sergeants
  3 scorpions
  3 wights (D:8)
  9 killer bees
  4 electric eels
  4 jellies
  10 hounds
  4 orc priests
  2 sleepcaps
  2 iguanas
  Terence (D:3)
  10 orc wizards
  Robin (D:3)
  9 gnolls
  4 adders
  2 shadow imps (D:6)
  A white imp (D:5)
  An ufetubus (D:7)
  3 worms
  A dart slug (D:2)
  31 orcs
  2 ball pythons (D:1)
  3 endoplasms
  8 giant cockroaches
  15 goblins
  9 hobgoblins
  11 jackals
  22 kobolds
  3 quokkas (D:4)
  5 bats
  4 frilled lizards
  9 rats
268 creatures vanquished.

Vanquished Creatures (collateral kills)
  4 yaks
  A vampire mosquito (D:10)
  An orc warrior (D:12)
  A wolf (D:10)
  A wight (D:8)
  An electric eel (D:10)
  2 hounds (D:11)
  2 gnolls
  6 orcs
  A kobold (D:11)
20 creatures vanquished.

Vanquished Creatures (others)
  A wight (D:8)
  An orc priest (D:7)
  A hound (D:11)
  3 gnolls
  2 orcs
  2 bushes (D:7)
  3 plants
  5 toadstools (D:1)
18 creatures vanquished.

Grand Total: 306 creatures vanquished

Notes
Turn   | Place    | Note
-------+----------+-------------------------------------------
     0 | D:1      | Thejackels the Demonspawn Conjurer began the quest for the
                  | Orb.
     0 | D:1      | Reached XP level 1. HP: 13/13 MP: 3/3
    11 | D:1      | Found Tuacleum's Assorted Antiques.
   202 | D:1      | Gained mutation: You have large cloven feet. [demonic
                  | ancestry]
   202 | D:1      | Reached XP level 2. HP: 19/19 MP: 5/5
   287 | D:1      | Found Goixuess's Assorted Antiques.
   320 | D:1      | Found Vidghigau's Distillery.
   553 | D:1      | Found Zopruw's Magic Scroll Boutique.
   631 | D:1      | Found Ygiakk's General Store.
   903 | D:2      | Found a faded altar of an unknown god.
   911 | D:2      | Gained mutation: You have hoof-like feet. [demonic
                  | ancestry]
   911 | D:2      | Reached XP level 3. HP: 24/24 MP: 6/6
  1095 | D:2      | Identified the +9 sling of Agony {antimagic, rPois rF+++
                  | rC-}
  1274 | D:2      | Reached skill level 5 in Conjurations
  1796 | D:3      | Noticed a phantom
  1805 | D:3      | Killed a phantom
  1806 | D:3      | Reached skill level 3 in Spellcasting
  1806 | D:3      | Gained mutation: You are partially covered in sharp spines.
                  | [demonic ancestry]
  1806 | D:3      | Reached XP level 4. HP: 30/30 MP: 4/8
  1927 | D:3      | Gained mutation: You are partially covered in razor-sharp
                  | scales. (AC +1, Slay +1) [demonic ancestry]
  1927 | D:3      | Reached XP level 5. HP: 35/35 MP: 9/9
  1944 | D:3      | Noticed Robin
  1950 | D:3      | Killed Robin
  2199 | D:3      | Found a transporter.
  2214 | D:3      | Found a transporter.
  2347 | D:3      | Noticed Terence
  2353 | D:3      | Killed Terence
  2738 | D:4      | Noticed Menkaure
  2745 | D:4      | Killed Menkaure
  2746 | D:4      | Reached skill level 4 in Spellcasting
  2746 | D:4      | Reached XP level 6. HP: 41/41 MP: 12/12
  2898 | D:4      | Found a shadowy altar of Dithmenos.
  3789 | D:5      | Entered Level 5 of the Dungeon
  3789 | D:5      | Noticed a water moccasin
  3882 | D:4      | Learned a level 3 spell: Stone Arrow
  4039 | D:5      | Reached XP level 7. HP: 42/46 MP: 12/14
  4110 | D:5      | Found a staircase to the Ecumenical Temple.
  4120 | Temple   | Entered the Ecumenical Temple
  4210 | Temple   | Became a worshipper of Sif Muna the Loreminder
  4326 | D:5      | Reached skill level 5 in Spellcasting
  4350 | D:5      | Noticed Syrassil's ghost (novice HuWn)
  4378 | D:5      | Found a transporter.
  4382 | D:5      | Found a transporter.
  4500 | D:5      | Noticed Grinder
  4538 | D:5      | Reached skill level 1 in Earth Magic
  4921 | D:5      | Killed Grinder
  4922 | D:5      | Reached skill level 6 in Spellcasting
  4922 | D:5      | Gained mutation: You are mostly covered in razor-sharp
                  | scales. (AC +2, Slay +2) [demonic ancestry]
  4922 | D:5      | Reached XP level 8. HP: 37/52 MP: 1/17
  5153 | D:5      | Noticed Edmund
  5160 | D:5      | Killed Edmund
  5599 | D:6      | Found Gotich's Armour Shoppe.
  5687 | D:6      | Found a bloodstained altar of Trog.
  6162 | D:6      | Reached * piety under Sif Muna
  6194 | D:6      | Reached skill level 7 in Spellcasting
  6484 | D:6      | Bought an orb of mayhem for 195 gold pieces
  6791 | D:7      | Gained mutation: You have hooves in place of feet. [demonic
                  | ancestry]
  6791 | D:7      | Reached XP level 9. HP: 57/57 MP: 18/19
  7083 | D:7      | Found Xiq Rygo's Jewellery Emporium.
  7528 | D:7      | Found a hazy altar of Hepliaklqana.
  7770 | D:7      | Found a blossoming altar of Fedhas.
  7825 | D:7      | Reached ** piety under Sif Muna
  7826 | D:7      | Reached skill level 8 in Spellcasting
  7834 | D:7      | Reached skill level 5 in Earth Magic
  8573 | D:8      | Found a radiant altar of Vehumet.
  8583 | D:8      | Reached skill level 9 in Spellcasting
  8704 | D:8      | Found a shimmering altar of Xom.
  8718 | D:8      | Noticed Prince Ribbit
  8721 | D:8      | Killed Prince Ribbit
  8878 | D:8      | Noticed Psyche
  8884 | D:8      | Killed Psyche
  8997 | D:8      | Found Ducoe's Hydra Hut.
  9003 | D:8      | Noticed a four-headed hydra
  9034 | D:8      | Gained mutation: You are mostly covered in sharp spines.
                  | [demonic ancestry]
  9034 | D:8      | Reached XP level 10. HP: 63/63 MP: 23/23
  9085 | D:8      | Found a snail-covered altar of Cheibriados.
  9314 | D:8      | Found an ornate altar of the Wu Jian Council.
  9374 | D:8      | Found an opulent altar of Gozag.
  9376 | D:8      | Found an iron altar of Okawaru.
  9738 | D:9      | Found a stormy altar of Qazlal.
  9781 | D:9      | Noticed a two-headed ogre
  9786 | D:9      | Killed a two-headed ogre
  9794 | D:9      | Reached skill level 10 in Spellcasting
  9987 | D:9      | Noticed Erica
 10320 | D:9      | Reached *** piety under Sif Muna
 10439 | D:9      | Noticed a two-headed ogre
 10447 | D:9      | Killed a two-headed ogre
 10826 | D:10     | Entered Level 10 of the Dungeon
 10979 | D:10     | Identified the +1 helmet of Agoraphobia {+Blink rF++ Dex-4}
 10982 | D:10     | Noticed a two-headed ogre
 10988 | D:10     | Killed a two-headed ogre
 10989 | D:10     | Reached skill level 11 in Spellcasting
 11128 | D:10     | Found a broken altar of Ashenzari.
 11151 | D:10     | Found a basalt altar of Yredelemnul.
 11226 | D:10     | Noticed a manticore
 11232 | D:10     | Killed a manticore
 11233 | D:10     | Reached XP level 11. HP: 45/68 MP: 12/26
 11358 | D:10     | Found a staircase to the Orcish Mines.
 11598 | D:10     | Noticed Grum
 11604 | D:10     | Killed Grum
 12184 | D:10     | Noticed Fannar
 12219 | D:11     | Reached skill level 10 in Conjurations
 12368 | D:11     | Reached skill level 12 in Spellcasting
 12848 | D:11     | Reached **** piety under Sif Muna
 12877 | D:11     | Found a staircase to the Lair.
 12883 | D:11     | Learned a level 4 spell: Olgreb's Toxic Radiance
 13661 | D:12     | Noticed a two-headed ogre
 13667 | D:12     | Killed a two-headed ogre
 14006 | D:12     | Noticed a skeletal warrior
 14006 | D:12     | Noticed a skeletal warrior
 14019 | D:12     | Killed a skeletal warrior
 14094 | D:12     | Killed a skeletal warrior
 14095 | D:12     | Noticed a skeletal warrior
 14168 | D:12     | Killed a skeletal warrior
 14169 | D:12     | Gained mutation: You are completely covered in razor-sharp
                  | scales. (AC +3, Slay +3) [demonic ancestry]
 14169 | D:12     | Reached XP level 12. HP: 55/74 MP: 7/28
 14183 | D:12     | Slain by a skeletal warrior

Illustrated notes

Levels and vault maps discovered:
D:1:      ldierk_walled_garden, layout_basic, serial_shops,
          nicolae_shop_tiny_real_fake_doors, nicolae_shop_real_fake_doors, shop,
          shop, nicolae_shop_behind_doors
D:2:      layout_loops_cross, ebering_ecumenical_altar_webs
D:3:      gammafunk_steamed_eel, layout_loops_ring, minmay_misc_feat_diagonals,
          uniq_robin, uniq_terence
D:4:      layout_gridville, kennysheep_mini, gup_sewer_entry_spiral,
          uniq_menkaure
D:5:      layout_rooms, minmay_temple_entry_crystal_x, gammafunk_ghost_hive,
          uniq_grinder, uniq_edmund
D:6:      layout_basic, nicolae_elyvilon_temple_path,
          mainiacjoe_overflow_tiny_flanked, nicolae_wooded_promenade,
          minmay_misc_feat_more_columns
D:7:      layout_basic, nicolae_hepliaklqana_hippocampus,
          fedhas_bush_and_centaur_altar, serial_shops, shop
D:8:      layout_basic, overflow_temple_1_default, mainiacjoe_overflow_24_doors,
          lemuel_round_altar, cheibrodos_worm_habitat, minitemple,
          grunt_ogre_cave, minmay_misc_feat_chi, mrwooster_statue_mirror,
          doesnt_shop_hydraphobe, uniq_prince_ribbit1, uniq_psyche
D:9:      layout_small_grid, nicolae_qazlal_style_of_elements, uniq_erica
D:10:     cheibrodos_barr_body, layout_basic,
          mainiacjoe_overflow_six_doors_small, lemuel_crystal_altar, uniq_grum,
          uniq_fannar
D:11:     layout_irregular_city, erik_lair_island, minmay_misc_feat_alley,
          minmay_misc_feat_rugged
D:12:     layout_stronghold, chequers_arboretum, nicolae_benzene_ring,
          kb_lookout_dungeons_type, eino_house_with_fridge
Temple:   nicolae_temple_bog_church

Skill      XL: |  1  2  3  4  5  6  7  8  9 10 11 |
---------------+----------------------------------+-----
Dodging        | 2 3 |  3.8
Conjurations   | 5 6 7 8 9 10 | 10.5
Stealth        | 2 3 |  3.9
Spellcasting   | 3 4 6 7 9 11 12 | 12.9
Earth Magic    | 2 4 5 6 8 |  8.1
Fighting       | |  0.1

Action                     |  1- 3 |  4- 6 |  7- 9 | 10-12 || total
---------------------------+-------+-------+-------+-------++-------
  Melee: Unarmed           |     6 |       |       |       ||     6
         Flail             |       |       |    11 |    33 ||    44
         Kick              |       |       |     1 |     8 ||     9
   Cast: Magic Dart        |   102 |   102 |       |       ||   204
         Stone Arrow       |       |     6 |   159 |   161 ||   326
 Invoke: Forget Spell      |       |       |       |     1 ||     1
    Use: Scroll            |       |       |    10 |     8 ||    18
         Potion            |       |       |     1 |     2 ||     3
 Armour: Robe              |     1 |     2 |     4 |       ||     7
         Leather armour    |       |       |    15 |    20 ||    35
         Troll leather arm |       |       |       |    14 ||    14
  Dodge: Dodged            |     9 |    16 |    31 |    70 ||   126
